 Dungeon Crawl Stone Soup version 0.31-a0-175-g9f7f995f2b (webtiles) character file.

Game seed: 4166008501330850278

145 qw the Chopper (level 5, -1/32 HPs)
             Began as a Gargoyle Fighter on June 16, 2023.
             Was an Initiate of Okawaru.
             Slain by an orc warrior
             ... wielding a +0 glaive
              (11 damage)
             ... on level 4 of the Dungeon.
             The game lasted 00:01:16 (2565 turns).

qw the Chopper (Gargoyle Fighter)                   Turns: 2565, Time: 00:01:17

Health: -1/32      AC: 10    Str: 21    XL:     5   Next: 27%
Magic:  5/5        EV:  9    Int:  9    God:    Okawaru [......]
Gold:   194        SH:  5    Dex: 15    Spells: 4/4 levels left

rFire   . . .        Y - +3 war axe
rCold   . . .        c - +0 buckler
rNeg    + . .        b - +0 scale mail
rPois   inf          (no helmet)
rElec   +            (no cloak)
rCorr   .            (no gloves)
SInv    .            (no boots)
Will    .....        (no amulet) Stlth
                     i - +6 ring of dexterity
HPRegen 0.25/turn    (no ring)
MPRegen 0.09/turn

%: no passive effects
@: no status effects
A: sickness immunity, AC +4, negative energy resistance 1, electricity
resistance, torment resistance 1, petrification resistance
a: Renounce Religion


You were on level 4 of the Dungeon.
You worshipped Okawaru.
Okawaru was noncommittal.
You visited 1 branch of the dungeon, and saw 4 of its levels.

You collected 194 gold pieces.


Innate Abilities, Weirdness & Mutations

You are immune to sickness and miasma.
Your stone body is resilient. (AC +4)
You are immune to poison.
You resist negative energy. (rN+)
You are resistant to electric shocks. (rElec)
You are resistant to unholy torment.
You are immune to petrification.


   Skills:
 - Level 3.2 Fighting
 + Level 4.5 Axes
 - Level 3.2 Armour
 - Level 1.0 Dodging
 - Level 3.2 Shields


You had 4 spell levels left.
You didn't know any spells.
Your spell library was empty.

Inventory:

Hand Weapons
 k - a +0 whip
 Y - a +3 war axe (weapon)
Missiles
 h - 2 boomerangs (quivered)
Armour
 b - a +0 scale mail (worn)
 c - a +0 buckler (worn)
 l - a +0 chain mail
 p - a +0 plate armour
Jewellery
 i - a +6 ring of dexterity (left hand)
Scrolls
 j - a scroll of identify
Potions
 a - a potion of heal wounds
 d - 2 potions of might
 e - 2 potions of mutation {unknown}
 f - a potion of degeneration {unknown}
 g - a potion of curing {unknown}
 m - a potion of cancellation {unknown}
 n - a potion of haste {unknown}
 o - a potion of enlightenment {unknown}

Dungeon Overview and Level Annotations

Branches:
Dungeon (4/15)
 Temple: D:4-7

Altars:
Okawaru
Vehumet


Message History

You hear a shout!
A hound comes into view.
You throw a boomerang. The boomerang hits the orc.
The orc is severely wounded.
The orc hits you with a +0 flail.
A kobold comes into view. It is wielding a +0 dagger.
You slash the orc!
You kill the orc!
Okawaru accepts your kill. You block the hound's attack.
An orc warrior comes into view. It is wielding a +0 glaive.
You barely miss the hound. The hound closely misses you.
You block the hound's attack.
You hit the hound.
The hound is moderately wounded.
You block the hound's attack.
A hobgoblin comes into view.
The hound bites you but does no damage. The orc warrior barely misses you.
The hobgoblin moves out of view.
You hit the hound.
The hound is heavily wounded.
You block the hound's attack. The hound bites you.
The orc warrior hits you from afar with a +0 glaive.
You barely miss the hound.
The hound is heavily wounded.
The hobgoblin shouts!
The hound bites you but does no damage.
The orc warrior hits you from afar with a +0 glaive.
The hound closely misses you.
You miss the hound.
The hound is heavily wounded.
The hound bites you but does no damage. The orc warrior barely misses you.
The hound barely misses you.
The orc warrior hits you from afar with a +0 glaive!
A kobold comes into view. It is wielding a +0 short sword.
You hit the hound.
The hound is severely wounded.
The hound completely misses you. The hound bites you but does no damage.
The orc warrior hits you from afar with a +0 glaive!
You die...

# ### ####......# ##### #
..##########.........#
####### #
#.#........'.........#
#...... #
#.#.......##.........#
#)##### #
#.#.......##.........#
#.##### +
#.######)######......#
#...... # #.##.....#
#......# #######
####'##.##### ###g.#...#
........########@hK.#....
#####
.................#o#K#
.....
........#######...##
##### ....###.# #.###
....# #.# #...## ....#
#.# #..#.# # ....# ..#
#####....# # ....#
#####........# # )...#
#...#........# #


You could see an orc warrior, a hound, a hobgoblin and 2 kobolds.

Vanquished Creatures
  A hound (D:4)
  A statue (D:3)
  4 worms
  3 dart slugs
  8 orcs
  7 bats
  4 endoplasms
  5 giant cockroaches
  6 hobgoblins
  3 quokkas
  7 ball pythons
  4 frilled lizards
  6 goblins
  4 kobolds
  3 rats
66 creatures vanquished.

Notes
Turn   | Place    | Note
-------+----------+-------------------------------------------
     0 | D:1      | qw the Gargoyle Fighter began the quest for the Orb.
     0 | D:1      | Reached XP level 1. HP: 14/14 MP: 1/1
     0 | D:1      | 0 ||| qw: Version: 0.2-a-29-g511e9b1
     0 | D:1      | 0 ||| qw: Game counter: 5941
     0 | D:1      | 0 ||| qw: Always use a shield: true
     0 | D:1      | 0 ||| qw: God list: Okawaru
     0 | D:1      | 0 ||| qw: Allow faded altars: false
     0 | D:1      | 0 ||| qw: Do Orc after D:15 true
     0 | D:1      | 0 ||| qw: Do second Lair branch before Depths: true
     0 | D:1      | 0 ||| qw: Lair rune preference: random
     0 | D:1      | 0 ||| qw: Plans: Normal, Zot:1-4, Slime:5, God:TSO, Crypt,
                  | Tomb, Abyss, Pan, Hells, Win
     0 | D:1      | 0 ||| PLANNING D:1-11
    57 | D:1      | 57 ||| Stepping ~*~*~tactically~*~*~ (stealth).
    64 | D:1      | Reached skill level 2 in Axes
   105 | D:1      | 105 ||| Stepping ~*~*~tactically~*~*~ (hiding).
   106 | D:1      | 106 ||| Stepping ~*~*~tactically~*~*~ (hiding).
   108 | D:1      | 108 ||| Stepping ~*~*~tactically~*~*~ (hiding).
   168 | D:1      | Reached XP level 2. HP: 18/19 MP: 2/2
   345 | D:1      | 345 ||| Stepping ~*~*~tactically~*~*~ (stealth).
   654 | D:1      | Reached skill level 3 in Axes
   724 | D:1      | 724 ||| UPGRADING to +6 ring of dexterity.
   725 | D:1      | 725 ||| READING scroll labelled JOUMMI DA ICKO.
   726 | D:1      | 726 ||| READING 2 scrolls labelled XAALLO HICVILL.
   731 | D:1      | 731 ||| READING scroll labelled XEROET ETONE.
   732 | D:1      | 732 ||| READING scroll labelled BIECIPN DADE.
   809 | D:2      | Reached XP level 3. HP: 23/23 MP: 3/3
   811 | D:2      | 811 ||| Stepping ~*~*~tactically~*~*~ (stealth).
  1142 | D:2      | Reached skill level 1 in Dodging
  1527 | D:2      | 1527 ||| READING scroll labelled QESUPUU YCKIY.
  1528 | D:2      | 1528 ||| READING 3 scrolls labelled ZASIPT LIOCW.
  1529 | D:2      | 1529 ||| READING 2 scrolls of enchant weapon.
  1529 | D:2      | 1529 ||| ENCHANTING +1 war axe.
  1530 | D:2      | 1530 ||| READING scroll of enchant weapon.
  1530 | D:2      | 1530 ||| ENCHANTING +2 war axe.
  1560 | D:3      | 1560 ||| Stepping ~*~*~tactically~*~*~ (stealth).
  1609 | D:3      | 1609 ||| Stepping ~*~*~tactically~*~*~ (stealth).
  1611 | D:3      | 1611 ||| Stepping ~*~*~tactically~*~*~ (stealth).
  1612 | D:3      | 1612 ||| Stepping ~*~*~tactically~*~*~ (stealth).
  1613 | D:3      | 1613 ||| Stepping ~*~*~tactically~*~*~ (stealth).
  1614 | D:3      | 1614 ||| Stepping ~*~*~tactically~*~*~ (stealth).
  1639 | D:3      | Reached XP level 4. HP: 28/28 MP: 4/4
  1734 | D:3      | Found a radiant altar of Vehumet.
  1734 | D:3      | Noticed a frost-covered statue
  1745 | D:3      | HP: 6/28 [frost-covered statue/puff of frost (5)]
  1746 | D:3      | 1746 ||| READING scroll of teleportation.
  1747 | D:3      | Killed a frost-covered statue
  1749 | D:3      | 1749 ||| FLEEEEING.
  1750 | D:3      | 1750 ||| FLEEEEING.
  1751 | D:3      | 1751 ||| FLEEEEING.
  1753 | D:3      | 1753 ||| FLEEEEING.
  1756 | D:3      | 1756 ||| FLEEEEING.
  1757 | D:3      | 1757 ||| FLEEEEING.
  1758 | D:3      | 1758 ||| FLEEEEING.
  1759 | D:3      | 1759 ||| FLEEEEING.
  1760 | D:3      | 1760 ||| STAIRDANCE
  1950 | D:3      | Reached skill level 4 in Axes
  2059 | D:3      | Found a faded altar of an unknown god.
  2111 | D:3      | Found an iron altar of Okawaru.
  2112 | D:3      | 2112 ||| PLANNING OKAWARU WORSHIP
  2112 | D:3      | 2112 ||| READING 3 scrolls of identify.
  2112 | D:3      | 2112 ||| IDENTIFYING clear potion
  2113 | D:3      | 2113 ||| READING 2 scrolls of identify.
  2113 | D:3      | 2113 ||| IDENTIFYING amethyst potion
  2114 | D:3      | 2114 ||| DROPPING potion of brilliance.
  2123 | D:3      | Became a worshipper of Warmaster Okawaru
  2124 | D:3      | 2124 ||| PLANNING D:1-11
  2172 | D:4      | Reached XP level 5. HP: 32/32 MP: 5/5
  2297 | D:4      | 2297 ||| Stepping ~*~*~tactically~*~*~ (hiding).
  2559 | D:4      | Noticed an orc warrior
  2565 | D:4      | Slain by an orc warrior

Levels and vault maps discovered:
D:1:      minmay_arrival_three_doors, layout_basic, serial_glass,
          glass_columns_a, glass_columns_a, minmay_pentomino_s2
D:2:      layout_basic
D:3:      layout_rooms, vehumet_statue, mainiacjoe_overflow_alcove_4,
          dreamdust_ecumenical_altar_angels_and_demons,
          minmay_misc_feat_secret_circle
D:4:      layout_basic, mainiacjoe_overflow_brackets, minmay_manual_monstrance,
          uniq_robin

Skill      XL: |  1  2  3  4 |
---------------+-------------+-----
Axes           | 2 3 4 |  4.5
Dodging        | 1 |  1.0
Fighting       | |  3.2
Armour         | |  3.2
Shields        | |  3.2

Action                     |  1- 3 |  4- 6 || total
---------------------------+-------+-------++-------
  Melee: War axe           |   117 |    55 ||   172
  Throw: Boomerang         |       |    16 ||    16
    Use: Scroll            |     8 |     3 ||    11
 Armour: Scale mail        |    46 |    20 ||    66
  Dodge: Dodged            |    54 |    24 ||    78
  Block: Buckler           |    29 |    15 ||    44

Table legend:
 A = Non-vault XP
 B = Vault XP
 C = Vault XP percentage of total XP
 D = Non-vault monster count
 E = Vault monster count
 F = Vault count percentage of total count
                 A         B        C        D         E       F
            +---------+---------+-------+---------+---------+-------
      Total |     170 |      38 |  18.3 |      62 |       4 |   6.1
            +---------+---------+-------+---------+---------+-------
        D:1 |      27 |       3 |  10.0 |      15 |       2 |  11.8
        D:2 |      40 |       0 |   0.0 |      18 |       0 |   0.0
        D:3 |      31 |      32 |  50.8 |      17 |       1 |   5.6
        D:4 |      72 |       3 |   4.0 |      12 |       1 |   7.7
            +---------+---------+-------+---------+---------+-------
